 Dungeon Crawl Stone Soup version 0.29.1-15-g9cfb28693d (webtiles) character file.

Game seed: 3117732205281453895

9 leafyfresh the Sneak (level 2, -7/21 HPs)
             Began as an Octopode Delver on Mar 10, 2023.
             Mangled by a black bear (12 damage)
             ... on level 5 of the Dungeon.
             The game lasted 00:00:09 (50 turns).

leafyfresh the Sneak (Octopode Delver)                Turns: 50, Time: 00:00:09

Health: -7/21      AC:  1    Str: 11    XL:     2   Next: 12%
Magic:  2/2        EV: 13    Int: 12    God:
Gold:   6          SH:  0    Dex: 13    Spells: 1/1 levels left

rFire   . . .      SeeInvis .   a - +0 short sword
rCold   . . .      Faith    .   (no shield)
rNeg    . . .      Spirit   .   (helmet restricted)
rPois   .          Reflect  .   (no amulet)
rElec   .          Harm     .   (no ring)
rCorr   .          Rampage  .   (no ring)
Will    .....                   (no ring)
Stlth   ++++......              (no ring)
HPRegen 0.07/turn               (no ring)
MPRegen 0.08/turn               (no ring)
                                (no ring)
                                (no ring)

@: no status effects
A: almost no armour, amphibious, 8 rings, camouflage 1, gelatinous body 1,
(nimble swimmer 1), tentacles
a: no special abilities


You were on level 5 of the Dungeon.
You visited 1 branch of the dungeon, and saw 1 of its levels.

You collected 6 gold pieces.

Inventory:

Hand Weapons
 a - a +0 short sword (weapon)
Wands
 f - a wand of digging (3)
Scrolls
 b - a scroll of fog
 c - a scroll of magic mapping
 d - a scroll of fear
Potions
 e - a potion of haste


   Skills:
 + Level 3.2 Fighting
 - Level 2.0 Short Blades
 + Level 2.2 Dodging
 + Level 6.8 Stealth


You had one spell level left.
You didn't know any spells.
Your spell library was empty.

Dungeon Overview and Level Annotations

Branches:
Dungeon (5/15)
 Temple: D:4-7

Altars:


Innate Abilities, Weirdness & Mutations

You cannot wear most types of armour.
You are amphibious.
You can wear up to eight rings at the same time.
Your skin changes colour to match your surroundings (Stealth+).
Your rubbery body absorbs attacks. (AC +1, EV +1)
((You are camouflaged when in or above water. (Stealth+)))
You have tentacles for arms and can constrict up to eight enemies at once.


Message History

There is a stone staircase leading up here.
You now have 6 gold pieces.
Found a chain mail.
No target in view!
You see here a +0 chain mail.
An adder comes into view.
An adder is nearby!
An adder is nearby!
A black bear comes into view.
The helpless adder fails to defend itself.
You impale the adder!!
You kill the adder!
You have reached level 2!
Found a murky emerald potion.
The helpless black bear fails to defend itself.
You puncture the black bear! You grab the black bear.
The black bear is heavily wounded.
You constrict the black bear, but do no damage.
The black bear barely misses you. The black bear completely misses you.
The black bear closely misses you.
You hit the black bear.
The black bear is heavily wounded.
You constrict the black bear, but do no damage.
The black bear barely misses you. x2; The black bear claws you.
You hit the black bear but do no damage.
You squeeze the black bear.
The black bear is severely wounded.
You constrict the black bear.
The black bear goes berserk!
You hit the black bear.
The black bear is almost dead.
You constrict the black bear, but do no damage.
The black bear bites you! The black bear claws you.
* * * LOW HITPOINT WARNING * * *
The black bear claws you.
* * * LOW HITPOINT WARNING * * *
You hit the black bear but do no damage.
The black bear is almost dead.
You constrict the black bear. The black bear bites you!
Ouch! That really hurt!
You die...

#.........#
#.........#
#.##.###.....#
#.#..# #..#...
#.#.####.....# #.
##........##..#
##..#.†.###....##..
.........#...... ..
###....@..!.....
#..#..h.......#
#..##..........#
...............
.......≈≈≈≈≈≈..
......≈≈####≈≈.
......≈## #≈.
#.....≈ ≈.


You could see a black bear (berserk).

Vanquished Creatures
  An adder (D:5)
1 creature vanquished.

Notes
Turn   | Place    | Note
-------+----------+-------------------------------------------
     0 | D:5      | leafyfresh the Octopode Delver began the quest for the Orb.
     0 | D:5      | Reached XP level 1. HP: 16/16 MP: 1/1
    38 | D:5      | Noticed a black bear
    43 | D:5      | Reached XP level 2. HP: 21/21 MP: 2/2
    50 | D:5      | Mangled by a black bear

Illustrated notes

Levels and vault maps discovered:
D:5:      layout_loops_corners, mainiacjoe_overflow_small_starburst,
          mainiacjoe_overflow_cross_hatched, fedhas_altar_3,
          nicolae_alphabet_shops, kennysheep_decorative_pillar

Action                   || total
-------------------------++-------
Melee: Short sword       ||     6
       Constrict         ||     1
       Tentacles         ||     1
 Stab: Sleeping          ||     2
Dodge: Dodged            ||     5
